 Dungeon Crawl Stone Soup version 0.30-a0-371-gad7725a93e (webtiles) character file.

Game seed: 6238248100029490435

81 bmack86 the Ducker (level 4, 0/42 HPs)
             Began as a Troll Warper on Nov 21, 2022.
             Slain by an orc priest
             ... wielding a +0 falchion
              (4 damage)
             ... on level 3 of the Dungeon.
             The game lasted 00:14:54 (2177 turns).

bmack86 the Ducker (Troll Warper)                   Turns: 2177, Time: 00:14:55

Health: 0/42       AC:  8    Str: 19    XL:     4   Next: 19%
Magic:  5/5        EV: 10    Int: 11    God:
Gold:   164        SH:  0    Dex:  9    Spells: 1/5 levels left

rFire   . . .      SeeInvis .    g - +1 mace (vorpal)
rCold   . . .      Faith    .    (no shield)
rNeg    + . .      Spirit   .    a - +0 robe
rPois   .          Reflect  .    (helmet restricted)
rElec   .          Harm     .    (no cloak)
rCorr   .          Rampage  .    (gloves unavailable)
Will    .....                    (boots unavailable)
Stlth   +.........               (no amulet)
HPRegen 1.07/turn                s - ring of positive energy
MPRegen 0.09/turn                o - +4 ring of protection

@: no status effects
A: large, unfitting armour, claws 3, regeneration 1, shaggy fur 1, tough skin 1
a: no special abilities


You were on level 3 of the Dungeon.
You visited 1 branch of the dungeon, and saw 3 of its levels.

You collected 164 gold pieces.

Inventory:

Hand Weapons
 g - a +1 vorpal mace (weapon)
 h - a +0 hand axe
 j - a +0 hand axe
 m - a +0 club
 p - a +0 falchion
Missiles
 c - 7 boomerangs of dispersal (quivered)
 q - 6 silver boomerangs
 u - a throwing net
Armour
 a - a +0 robe (worn)
 i - a +0 robe
 r - a +0 barding
Jewellery
 l - a ring of poison resistance
 o - a +4 ring of protection (right claw)
 s - a ring of positive energy (left claw)
Wands
 x - a wand of digging (7)
Scrolls
 b - 3 scrolls of blinking
 n - a scroll of noise {unknown}
 v - a scroll of amnesia
 w - a scroll of teleportation {unknown}
Potions
 d - a potion of attraction {unknown}
 e - 2 potions of magic {unknown}
 f - a potion of cancellation {unknown}
 k - a potion of invisibility {unknown}
 t - a potion of curing {unknown}


   Skills:
 + Level 1.8 Fighting
 + Level 1.6 Maces & Flails
 + Level 0.8 Throwing
 + Level 2.7 Dodging
 + Level 2.1 Unarmed Combat
 + Level 1.3 Spellcasting
 + Level 2.5 Translocations


You had one spell level left.
You knew the following spells:

 Your Spells              Type           Power      Damage    Failure   Level
a - Shock                 Conj/Air       0%         1d3       30%         1
b - Vhi's Electric Charg  Tloc/Air       6%         N/A       50%         3

Your spell library contained the following spells:

 Spells                   Type           Power      Damage    Failure   Level
 Apportation              Tloc           12%        N/A       11%         1
 Blink                    Tloc           12%        N/A       17%         2
 Lesser Beckoning         Tloc           12%        N/A       32%         3
 Teleport Other           Tloc           6%         N/A       32%         3
 Swiftness                Air            0%         N/A       67%         3
 Manifold Assault         Tloc           6%         N/A       73%         4
 Airstrike                Air            0%         2d(0-16)  97%         4
 Alistair's Intoxication  Tmut/Pois      0%         N/A       100%        5


Dungeon Overview and Level Annotations

Branches:
Dungeon (3/15)

Altars:
Fedhas


Innate Abilities, Weirdness & Mutations

You are too large for most types of armour.
You have claws for hands.
Your natural rate of healing is unusually fast.
You are covered in fur. (AC +1)
You have tough skin. (AC +1)


Message History

You kill the orc!
The orc priest barely misses you. Something hits you but does no damage.
The orc priest hits you but does no damage.
Something hits you.
* * * LOW HITPOINT WARNING * * *
You miss something. The orc priest barely misses you.
You hear some strange, mumbled words.
A magic dart appears from out of thin air!
The magic dart hits you.
* * * LOW HITPOINT WARNING * * *
You barely miss something.
The orc priest hits you with a +0 falchion.
* * * LOW HITPOINT WARNING * * *
You hear some strange, mumbled words.
Something tries to affect you, but you resist.
You barely miss something.
The orc priest hits you with a +0 falchion.
* * * LOW HITPOINT WARNING * * *
Something hits you.
* * * LOW HITPOINT WARNING * * *
The orc priest closely misses you. Something hits you but does no damage.
You miss something. The orc priest misses you.
Something hits you but does no damage.
You miss something. The orc priest closely misses you. Something hits you.
* * * LOW HITPOINT WARNING * * *
You miss something. The orc priest barely misses you.
Something hits you but does no damage. The orc priest misses you.
Something hits you but does no damage.
You hit something but do no damage.
The orc priest hits you with a +0 falchion.
* * * LOW HITPOINT WARNING * * *
Something hits you but does no damage.
You closely miss something. The orc priest barely misses you.
Something hits you but does no damage.
You barely miss something.
The orc priest hits you with a +0 falchion.
* * * LOW HITPOINT WARNING * * *
Something hits you but does no damage.
The orc priest hits you with a +0 falchion.
You die...

.....###.###..# ####..#.......
.............########.........
##...####.).#...........#..###
###.#####................####
#..<##...#...........#.###.
#<.....###########.#.##..
#......### #.......
#..###...### #........ #....#
##.@).# #..##..### #...##
##{o.......#...## #...##
##..#####.....# ..... #..#
#...... .#### #.# #...##. ...
...# # ... .##


You could see an orc priest.

Vanquished Creatures
  An adder (D:2)
  3 worms
  2 dart slugs
  3 orcs (D:3)
  5 ball pythons
  6 endoplasms
  5 giant cockroaches (D:1)
  A goblin (D:1)
  3 hobgoblins
  8 jackals
  5 kobolds
  A quokka (D:3)
  A bat (D:2)
  3 frilled lizards
  4 rats
51 creatures vanquished.

Vanquished Creatures (others)
  A plant (D:3)
1 creature vanquished.

Grand Total: 52 creatures vanquished

Notes
Turn   | Place    | Note
-------+----------+-------------------------------------------
     0 | D:1      | bmack86 the Troll Warper began the quest for the Orb.
     0 | D:1      | Reached XP level 1. HP: 19/19 MP: 1/1
   197 | D:1      | Reached XP level 2. HP: 27/27 MP: 2/2
   417 | D:1      | Learned a level 1 spell: Shock
   956 | D:2      | Reached XP level 3. HP: 28/33 MP: 2/4
  1016 | D:2      | Reached skill level 1 in Maces & Flails
  1904 | D:3      | Learned a level 3 spell: Vhi's Electric Charge
  1926 | D:3      | Reached XP level 4. HP: 42/42 MP: 5/5
  2094 | D:3      | Found a blossoming altar of Fedhas.
  2177 | D:3      | Slain by an orc priest

Illustrated notes

Levels and vault maps discovered:
D:1:      dpeg_arrival_pond, layout_loops_ring, minmay_parallelograms, hex_tiny
D:2:      layout_loops_corners, minmay_misc_feat_four_crosses
D:3:      layout_rooms, fedhas_altar_1, serial_shops, shop

Skill      XL: |  1  2  3 |
---------------+----------+-----
Dodging        | 2 |  2.7
Maces & Flails | 1 |  1.6
Fighting       | |  1.8
Throwing       | |  0.8
Unarmed Combat | |  2.1
Spellcasting   | |  1.3
Translocations | |  2.5

Action                   |  1- 3 |  4- 6 || total
-------------------------+-------+-------++-------
Melee: Unarmed           |    17 |       ||    17
       Mace              |   127 |    36 ||   163
       Punch             |     1 |       ||     1
 Cast: Shock             |    13 |     1 ||    14
  Use: Scroll            |     4 |       ||     4
Armor: Robe              |    84 |    23 ||   107
Dodge: Dodged            |    97 |    22 ||   119

Table legend: (Time is in decaauts)
 A = Elapsed time spent in this place.
 B = Non-inter-level travel time spent in this place.
 C = Inter-level travel time spent in this place.
 D = Time resting spent in this place.
 E = Time spent auto-exploring this place.
 F = Levels seen in this place.
 G = Mean time per level.
                   A        B        C        D        E       F      G
               +--------+--------+--------+--------+--------+-----+--------+
         Total |   2231 |   2231 |      0 |     32 |   1472 |   3 |  743.7 |
       Dungeon |   2231 |   2231 |      0 |     32 |   1472 |   3 |  743.7 |
               +--------+--------+--------+--------+--------+-----+--------+

Top non-repeatable levels by time:
     D:2: 962 daAuts
     D:1: 944 daAuts
     D:3: 324 daAuts
